AoeStats
← cobradorxbox

Arabia

508740566Analyzed
3v3 RM · 8d ago on Sep 23, 2026· 48m 15s· 6 players
Game mode
Random Map
Map size
Normal (6 player)
Population
200
Speed
Normal
Resources
Standard
Victory
Conquest
Starting age
Dark Age
Ending age
Imperial Age
RankedLock teamsTeams togetherTeam positionsShared explorationLock speedFull tech treeHidden civsTurbo modeCheats
Victory
Defeat
🇹🇷 Magyars · Türkiye
1086
+13
🇦🇷 Mongols · Argentina
1069
+14
🇪🇸 Goths · Spain
1060
+15
🇺🇸 Celts · United States
1042
-15
🇧🇷 Koreans · Brazil
1038
-14
🇺🇸 Varangians · United States
1009
-13
cobradorxbox
2:11 Loom
11:52 Feudal Age
13:52 Man-at-Arms
19:52 Castle Age
18:41 Double-Bit Axe
19:24 Horse Collar
21:55 Heavy Plow
25:21 Long Swordsman
28:22 Forging
28:13 Scale Mail Armor
31:38 Squires
34:13 Wheelbarrow
34:02 Heavy Plow
36:53 Hand Cart
37:56 Gold Mining
42:46 Imperial Age
42:13 Bow Saw
42:38 Anarchy
43:31 Chain Mail Armor
43:52 Iron Casting
44:39 Two-Handed Swordsman
46:29 Crop Rotation
47:00 Two-Man Saw
46:07 Champion
49:44 Blast Furnace
GonzaloMig
3:31 Loom
12:23 Feudal Age
12:52 Double-Bit Axe
13:22 Horse Collar
15:21 Town Watch
18:56 Fletching
28:09 Castle Age
27:24 Padded Archer Armor
28:56 Wheelbarrow
28:46 Bodkin Arrow
29:47 Bloodlines
30:00 Bow Saw
31:24 Husbandry
39:08 Ballistics
44:58 Gold Mining
44:59 Stone Mining
46:44 Hand Cart
46:39 Stone Mining
47:47 Thumb Ring
MrHabo
6:39 Loom
9:05 Feudal Age
9:45 Double-Bit Axe
9:42 Horse Collar
19:42 Castle Age
17:56 Gold Mining
19:03 Scale Barding Armor
19:37 Bloodlines
22:18 Town Watch
23:27 Husbandry
30:54 Wheelbarrow
32:50 Hand Cart
33:43 Chain Barding Armor
40:30 Gold Shaft Mining
41:03 Stone Mining
43:45 Imperial Age
43:22 Ballistics
43:32 Town Patrol
43:40 Corvinian Army
45:41 Chemistry
44:47 Siege Engineers
44:08 Cavalier
45:03 Heavy Plow
45:56 Conscription
46:58 Fletching
46:48 Paladin
Bandit
4:23 Loom
10:11 Feudal Age
10:11 Man-at-Arms
11:50 Double-Bit Axe
12:57 Horse Collar
13:12 Arson
19:47 Wheelbarrow
22:20 Castle Age
20:57 Scale Mail Armor
21:09 Gold Mining
21:57 Forging
22:38 Long Swordsman
25:14 Hand Cart
26:00 Town Watch
28:55 Chain Mail Armor
28:27 Pikeman
30:01 Stone Mining
35:50 Fletching
39:38 Murder Holes
44:34 Imperial Age
44:48 Capped Ram
46:50 Iron Casting
NobleHobo
5:25 Loom
11:29 Feudal Age
12:45 Double-Bit Axe
12:46 Horse Collar
18:55 Bloodlines
19:03 Forging
19:54 Scale Barding Armor
23:18 Castle Age
21:59 Gold Mining
26:20 Chain Barding Armor
26:36 Iron Casting
29:43 Husbandry
37:59 Vendel Legacy
41:53 Wheelbarrow
41:09 Town Watch
47:07 Imperial Age
46:05 Scale Mail Armor
46:07 Caravan
46:56 Hand Cart
46:46 Squires
47:11 Cavalier
Mkc
7:16 Loom
9:55 Feudal Age
13:16 Double-Bit Axe
13:23 Gold Mining
14:42 Wheelbarrow
14:11 Fletching
26:02 Castle Age
26:51 Crossbowman
27:36 Thumb Ring
27:28 Bodkin Arrow
29:19 Hand Cart
29:15 Bow Saw
28:47 Horse Collar
31:25 Gold Shaft Mining
31:28 Stone Mining
35:50 Elite Skirmisher
37:38 Pikeman
38:18 Squires
41:24 Fortified Wall
41:35 Ballistics
Connection lost

Rejoining the realm…

Still unreachable

The connection could not be restored.

Session expired

The server has moved on; the page needs a fresh start.